[Event "GER-chT Youth Countries 2019"]
[Site "Wuerzburg"]
[Date "2019.10.02"]
[Round "1"]
[White "Gutkin, Ilya"]
[Black "Schallner, Marc"]
[Result "1/2-1/2"]
[ECO "A06"]
[WhiteElo "2047"]
[BlackElo "2027"]
[Annotator "NA"]
[PlyCount "44"]
[EventDate "2019.10.02"]
[EventType "team-tourn"]
[EventRounds "7"]
[EventCountry "GER"]
[SourceTitle "playchess.com"]
[Source "ChessBase"]
[SourceQuality "1"]
[WhiteTeam "Germany"]
[BlackTeam "Germany"]
[WhiteTeamCountry "GER"]
[BlackTeamCountry "GER"]
[TimeControl "40/5400+30:1800+30"]

1. Nf3 d5 2. c4 c6 3. g3 Nf6 4. Bg2 Bg4 5. Ne5 e6 6. cxd5 exd5 7. Nxg4 Nxg4 8. O-O Nf6 9. d3 Be7 10. Qc2 Nbd7 11. e4 O-O 12. Nc3 dxe4 13. dxe4 Re8 14. Rd1 Bc5 15. h3 Qe7 16. a3 a5 17. Bf4 Nh5 18. Qd2 Nxf4 19. Qxd7 Ne6 20. Qxe7 Rxe7 21. Rd2 Ree8 22. Rad1 Red8 {[%emt 0:01:13] normal} 1/2-1/2

[Event "GER-chT Youth Countries 2019"]
[Site "Wuerzburg"]
[Date "2019.10.02"]
[Round "1"]
[White "Haack, Kevin"]
[Black "Kobald, Jacqueline"]
[Result "1-0"]
[ECO "A15"]
[WhiteElo "2044"]
[BlackElo "1884"]
[Annotator "NA"]
[PlyCount "82"]
[EventDate "2019.10.02"]
[EventType "swiss"]
[EventRounds "7"]
[EventCountry "GER"]
[SourceTitle "playchess.com"]
[Source "ChessBase"]
[SourceQuality "1"]
[WhiteTeam "Hessen"]
[BlackTeam "Württemberg"]
[WhiteTeamCountry "GER"]
[BlackTeamCountry "GER"]
[TimeControl "40/5400+30:1800+30"]

1. c4 Nf6 2. g3 g6 3. Bg2 Bg7 4. Nf3 O-O 5. O-O d6 6. b3 e5 7. Bb2 c6 8. d3 Re8 9. Nbd2 Nbd7 10. Ne4 Nxe4 11. dxe4 Nc5 12. Qc2 f5 13. Nd2 Be6 14. exf5 gxf5 15. e4 Qg5 16. b4 Na6 17. a3 Rad8 18. Rad1 Qg6 19. Rfe1 Rf8 20. exf5 Bxf5 21. Be4 d5 22. cxd5 cxd5 23. Qb3 Kh8 24. Bxf5 Qxf5 25. Qe3 Rde8 26. Qxa7 d4 27. Ne4 Rb8 28. Qb6 Qf3 29. Rd2 Rfc8 30. Qb5 h6 31. Rd3 Qf8 32. Rc1 Rxc1+ 33. Bxc1 Nc7 34. Qc5 Qd8 35. Qd6 Qxd6 36. Nxd6 Nd5 37. f4 exf4 38. Bxf4 Nxf4 39. gxf4 b6 40. Nf5 Rd8 41. Kg2 Kh7 {[%emt 0:07:23] normal} 1-0

[Event "GER-chT Youth Countries 2019"]
[Site "Wuerzburg"]
[Date "2019.10.02"]
[Round "1"]
[White "Arnhold, Steffi"]
[Black "Schiewe, Nadin"]
[Result "1-0"]
[ECO "B01"]
[WhiteElo "2042"]
[BlackElo "1593"]
[Annotator "NA"]
[PlyCount "82"]
[EventDate "2019.10.02"]
[EventType "swiss"]
[EventRounds "7"]
[EventCountry "GER"]
[SourceTitle "playchess.com"]
[Source "ChessBase"]
[SourceQuality "1"]
[WhiteTeam "Sachsen"]
[BlackTeam "Brandenburg/Berlin"]
[WhiteTeamCountry "GER"]
[BlackTeamCountry "GER"]
[TimeControl "40/5400+30:1800+30"]

1. e4 d5 2. exd5 Qxd5 3. Nc3 Qa5 4. d4 c6 5. Nf3 Nf6 6. Bc4 Bf5 7. O-O e6 8. Re1 Bd6 9. Bd2 Qc7 10. h3 O-O 11. Nh4 Nbd7 12. Nxf5 exf5 13. Qf3 g6 14. Bb3 Nb6 15. Bg5 Ne8 16. Rad1 a6 17. Ne2 Be7 18. Bh6 Ng7 19. Nf4 Bf6 20. Qg3 Rac8 21. c3 Rfd8 22. Re8+ Rxe8 23. Nh5 Qe7 24. Nxf6+ Qxf6 25. Bg5 f4 26. Qxf4 Qxf4 27. Bxf4 Re2 28. Bd2 a5 29. Kf1 Re7 30. a3 a4 31. Ba2 Rd7 32. Ke2 Kf8 33. Bc1 Ke7 34. Bb1 f5 35. Bc2 c5 36. dxc5 Rxd1 37. Bxd1 Ne6 38. Be3 Nxc5 39. Bd4 Nbd7 40. Ke3 b5 41. Be2 Kd6 {normal} 1-0

[Event "GER-chT Youth Countries 2019"]
[Site "Wuerzburg"]
[Date "2019.10.02"]
[Round "1"]
[White "Pahl, Theis"]
[Black "Knuedel, Torben"]
[Result "0-1"]
[ECO "C84"]
[WhiteElo "2022"]
[BlackElo "2193"]
[Annotator "NA"]
[PlyCount "62"]
[EventDate "2019.10.02"]
[EventType "team-tourn"]
[EventRounds "7"]
[EventCountry "GER"]
[SourceTitle "playchess.com"]
[Source "ChessBase"]
[SourceQuality "1"]
[WhiteTeam "Germany"]
[BlackTeam "Germany"]
[WhiteTeamCountry "GER"]
[BlackTeamCountry "GER"]
[TimeControl "40/5400+30:1800+30"]

1. e4 e5 2. Nf3 Nc6 3. Bb5 a6 4. Ba4 Nf6 5. O-O Be7 6. d3 d6 7. c3 O-O 8. Re1 b5 9. Bc2 d5 10. Nbd2 d4 11. Nb3 Bg4 12. h3 Bh5 13. cxd4 Bb4 14. Rf1 exd4 15. g4 Nxg4 16. hxg4 Bxg4 17. Kg2 f5 18. e5 Nxe5 19. Nxe5 Bxd1 20. Bxd1 f4 21. Nf3 Qd7 22. Rh1 Rae8 23. a3 Be7 24. Nbd2 g5 25. Ne4 c5 26. Bb3+ c4 27. Bd1 Bd8 28. Kf1 g4 29. Nfg5 Bxg5 30. Nxg5 Qf5 31. Nxh7 Rf7 {normal} 0-1

[Event "GER-chT Youth Countries 2019"]
[Site "Wuerzburg"]
[Date "2019.10.02"]
[Round "1"]
[White "Nguyen, Ha Thanh"]
[Black "Kluehs, Gustaf"]
[Result "1-0"]
[ECO "B33"]
[WhiteElo "1998"]
[BlackElo "1902"]
[Annotator "NA"]
[PlyCount "109"]
[EventDate "2019.10.02"]
[EventType "swiss"]
[EventRounds "7"]
[EventCountry "GER"]
[SourceTitle "playchess.com"]
[Source "ChessBase"]
[SourceQuality "1"]
[WhiteTeam "Thüringen"]
[BlackTeam "Berlin"]
[WhiteTeamCountry "GER"]
[BlackTeamCountry "GER"]
[TimeControl "40/5400+30:1800+30"]

1. e4 c5 2. Nf3 Nc6 3. d4 cxd4 4. Nxd4 Nf6 5. Nc3 e5 6. Ndb5 d6 7. Bg5 a6 8. Na3 b5 9. Nd5 Be7 10. Bxf6 Bxf6 11. c4 b4 12. Nc2 a5 13. g3 Bg5 14. Bg2 O-O 15. O-O Bb7 16. Qd3 Ne7 17. Nde3 Bxe3 18. Nxe3 Qb6 19. Rfd1 Rfd8 20. b3 a4 21. Rac1 axb3 22. axb3 Qc5 23. Rc2 Ra3 24. Rcd2 Nc6 25. Nf5 Nd4 26. Nxd4 Qxd4 27. Qxd4 exd4 28. Rb1 Re8 29. Rxd4 f5 30. Rxd6 Bxe4 31. Bxe4 fxe4 32. Rb6 e3 33. fxe3 Rxe3 34. Rxb4 Ra2 35. Rb8+ Kf7 36. Rf1+ Kg6 37. Rb6+ Kg5 38. Rb5+ Kg6 39. Rf2 Ra1+ 40. Kg2 Rb1 41. Rb6+ Kh5 42. b4 Ree1 43. Kf3 Rb3+ 44. Kf4 Rc1 45. c5 Rc4+ 46. Ke5 Rbc3 47. Kd5 g5 48. Rf7 h6 49. Rff6 Kg4 50. Rxh6 Kf3 51. c6 Rg4 52. Kd6 Rd3+ 53. Kc7 Re4 54. Rh7 Re8 55. Rb8 {[%emt 0:03:19] normal} 1-0

[Event "GER-chT Youth Countries 2019"]
[Site "Wuerzburg"]
[Date "2019.10.02"]
[Round "1"]
[White "Lohr, Maximilian"]
[Black "Goldbeck, Lars"]
[Result "1/2-1/2"]
[ECO "B99"]
[WhiteElo "1996"]
[BlackElo "2203"]
[Annotator "NA"]
[PlyCount "95"]
[EventDate "2019.10.02"]
[EventType "swiss"]
[EventRounds "7"]
[EventCountry "GER"]
[SourceTitle "playchess.com"]
[Source "ChessBase"]
[SourceQuality "1"]
[WhiteTeam "Bayern 2"]
[BlackTeam "Bayern 1"]
[WhiteTeamCountry "GER"]
[BlackTeamCountry "GER"]
[TimeControl "40/5400+30:1800+30"]

1. e4 c5 2. Nf3 d6 3. d4 cxd4 4. Nxd4 Nf6 5. Nc3 a6 6. Bg5 e6 7. f4 Be7 8. Qf3 Qc7 9. O-O-O Nbd7 10. g4 h6 11. Bxf6 Bxf6 12. h4 Qb6 13. Nb3 Be7 14. Kb1 Nc5 15. f5 Bd7 16. g5 O-O-O 17. f6 Bf8 18. Be2 Nxb3 19. cxb3 Bc6 20. Ka1 Kb8 21. Rhg1 hxg5 22. hxg5 Rh2 23. Qg3 Qf2 24. fxg7 Bxg7 25. Rxd6 Rxd6 26. Qxd6+ Ka7 27. Rf1 Qg2 28. Qc5+ Ka8 29. Rd1 Rh1 30. Qe3 Rxd1+ 31. Bxd1 Qh1 32. Qf3 Qg1 33. Qg4 Qe3 34. a3 Bxc3 35. bxc3 Qxc3+ 36. Kb1 Qe1 37. Qe2 Bxe4+ 38. Kb2 Qh1 39. Bc2 Qh8+ 40. Ka2 Bd5 41. Bd3 Qd4 42. Bxa6 bxa6 43. Qxa6+ Kb8 44. Qd6+ Kc8 45. Qf8+ Kb7 46. Qxf7+ Kb6 47. Qf6 Qd2+ 48. Qb2 {[%emt 0:00:00] normal} 1/2-1/2

[Event "GER-chT Youth Countries 2019"]
[Site "Wuerzburg"]
[Date "2019.10.02"]
[Round "1"]
[White "Deuer, Marius"]
[Black "Bakiev, Diyor"]
[Result "0-1"]
[ECO "A61"]
[WhiteElo "1993"]
[BlackElo "2088"]
[Annotator "NA"]
[PlyCount "90"]
[EventDate "2019.10.02"]
[EventType "team-tourn"]
[EventRounds "7"]
[EventCountry "GER"]
[SourceTitle "playchess.com"]
[Source "ChessBase"]
[SourceQuality "1"]
[WhiteTeam "Württemberg"]
[BlackTeam "Hessen"]
[WhiteTeamCountry "GER"]
[BlackTeamCountry "GER"]
[TimeControl "40/5400+30:1800+30"]

1. d4 Nf6 2. c4 e6 3. Nf3 c5 4. d5 exd5 5. cxd5 d6 6. Nc3 g6 7. Bf4 Bg7 8. Qa4+ Bd7 9. Qb3 Qc7 10. e4 O-O 11. Nd2 Nh5 12. Be3 f5 13. exf5 gxf5 14. Be2 Be8 15. O-O a6 16. Nf3 h6 17. Qc2 Qe7 18. a4 Nd7 19. Rfe1 Qf6 20. Bd2 Bg6 21. Bc4 Ne5 22. Nxe5 dxe5 23. Qb3 Rab8 24. d6+ Kh7 25. Rad1 Rfd8 26. Be3 b6 27. Nd5 Qxd6 28. Nxb6 Qc7 29. Rxd8 Rxd8 30. Nd5 Qd6 31. Qb6 Qxb6 32. Nxb6 e4 33. Bxc5 Bxb2 34. Bxa6 Nf4 35. Nc4 Bc3 36. Rc1 Ne2+ 37. Kh1 Nxc1 38. h4 Nb3 39. Bb6 Rd1+ 40. Kh2 Bf7 41. Ne3 Rd6 42. Bc4 Bxc4 43. Nxc4 Rc6 44. a5 Rxc4 45. a6 Ra4 {[%emt 0:00:06] normal} 0-1

[Event "GER-chT Youth Countries 2019"]
[Site "Wuerzburg"]
[Date "2019.10.02"]
[Round "1"]
[White "Muedder, Melanie"]
[Black "Lederer, Leia"]
[Result "1-0"]
[ECO "C45"]
[WhiteElo "1964"]
[BlackElo "1750"]
[Annotator "NA"]
[PlyCount "81"]
[EventDate "2019.10.02"]
[EventType "swiss"]
[EventRounds "7"]
[EventCountry "GER"]
[SourceTitle "playchess.com"]
[Source "ChessBase"]
[SourceQuality "1"]
[WhiteTeam "Nordrhein-Westfalen"]
[BlackTeam "Team Süd"]
[WhiteTeamCountry "GER"]
[BlackTeamCountry "GER"]
[TimeControl "40/5400+30:1800+30"]

1. e4 e5 2. Nf3 Nc6 3. d4 exd4 4. Nxd4 Bc5 5. Be3 Qf6 6. c3 Nge7 7. Bb5 Qg6 8. O-O d6 9. Nd2 O-O 10. f4 f5 11. exf5 Nxf5 12. Bc4+ Kh8 13. Nxf5 Bxf5 14. Bxc5 dxc5 15. Qf3 Rad8 16. Rf2 Rd6 17. Bb5 Rfd8 18. Qe3 a6 19. Bxc6 Rxc6 20. Nc4 Rd3 21. Qe7 h6 22. Ne5 Qh5 23. Nxc6 bxc6 24. Qxc5 Rd6 25. Re1 Qg4 26. Qe3 Be6 27. h3 Qf5 28. Qe5 Qf7 29. b3 Bd7 30. f5 Rf6 31. Ref1 Qh5 32. Qxc7 Be8 33. Qc8 Kh7 34. Re1 Bf7 35. c4 Qh4 36. Qd7 Qg3 37. Ref1 Bh5 38. Qd2 Rd6 39. Qf4 Qd3 40. Kh2 Rf6 41. Qg3 {[%emt 0:03:06] normal} 1-0

[Event "GER-chT Youth Countries 2019"]
[Site "Wuerzburg"]
[Date "2019.10.02"]
[Round "1"]
[White "Costa, Leonardo"]
[Black "Butenandt, Svenja"]
[Result "1-0"]
[ECO "B81"]
[WhiteElo "1959"]
[BlackElo "1805"]
[Annotator "NA"]
[PlyCount "41"]
[EventDate "2019.10.02"]
[EventType "team-tourn"]
[EventRounds "7"]
[EventCountry "GER"]
[SourceTitle "playchess.com"]
[Source "ChessBase"]
[SourceQuality "1"]
[WhiteTeam "Germany"]
[BlackTeam "Germany"]
[WhiteTeamCountry "GER"]
[BlackTeamCountry "GER"]
[TimeControl "40/5400+30:1800+30"]

1. e4 c5 2. Nf3 e6 3. d4 cxd4 4. Nxd4 Nf6 5. Nc3 d6 6. g4 h6 7. Rg1 Nc6 8. Be3 d5 9. exd5 Nxd5 10. Nxd5 Qxd5 11. Nxc6 Qxc6 12. Bg2 Qc7 13. Qd4 Qxh2 14. O-O-O Qc7 15. Bf4 Qa5 16. Bxb7 Bc5 17. Bc6+ Ke7 18. Bd6+ Bxd6 19. Qxd6+ Kf6 20. Qf4+ Ke7 21. Bxa8 {[%emt 0:00:08] unterminated} 1-0

[Event "GER-chT Youth Countries 2019"]
[Site "Wuerzburg"]
[Date "2019.10.02"]
[Round "1"]
[White "Dietz, Kristin"]
[Black "Gressler, Christian"]
[Result "1-0"]
[ECO "C06"]
[WhiteElo "1948"]
[BlackElo "1464"]
[Annotator "NA"]
[PlyCount "97"]
[EventDate "2019.10.02"]
[EventType "team-tourn"]
[EventRounds "7"]
[EventCountry "GER"]
[SourceTitle "playchess.com"]
[Source "ChessBase"]
[SourceQuality "1"]
[WhiteTeam "Germany"]
[BlackTeam "Germany"]
[WhiteTeamCountry "GER"]
[BlackTeamCountry "GER"]
[TimeControl "40/5400+30:1800+30"]

1. e4 e6 2. d4 d5 3. Nd2 Nf6 4. e5 Nfd7 5. Bd3 c5 6. c3 Nc6 7. Ne2 cxd4 8. cxd4 f6 9. exf6 Nxf6 10. Nf3 Bd6 11. O-O O-O 12. Bf4 Ne4 13. Bxd6 Nxd6 14. Nc3 Nf5 15. Ne2 Nh4 16. Nxh4 Qxh4 17. Qd2 Bd7 18. Qe3 Rae8 19. Qg3 Qxg3 20. fxg3 Nb4 21. Nf4 g5 22. a3 gxf4 23. axb4 fxg3 24. Rxa7 gxh2+ 25. Kxh2 Rxf1 26. Bxf1 Rb8 27. b5 Kf8 28. b6 Ke7 29. Kg3 Kd6 30. Ra3 Rg8+ 31. Kh4 Rf8 32. Rf3 Rxf3 33. gxf3 Be8 34. f4 Bg6 35. Bh3 h6 36. Bg4 Ke7 37. Be2 Be8 38. Kg4 Kf6 39. Bd3 h5+ 40. Kh4 Bg6 41. Ba6 bxa6 42. b7 Bf5 43. b8=Q Bg4 44. Qe5+ Kf7 45. Qc7+ Kf6 46. Qd8+ Kf7 47. Kg5 Bf5 48. Qd7+ Kf8 49. Kf6 {[%emt 0:00:06] normal} 1-0

[Event "GER-chT Youth Countries 2019"]
[Site "Wuerzburg"]
[Date "2019.10.02"]
[Round "1"]
[White "Moenster, Madita"]
[Black "Riddell, Joshua S."]
[Result "1-0"]
[ECO "C97"]
[WhiteElo "1916"]
[BlackElo "2130"]
[Annotator "NA"]
[PlyCount "81"]
[EventDate "2019.10.02"]
[EventType "team-tourn"]
[EventRounds "7"]
[EventCountry "GER"]
[SourceTitle "playchess.com"]
[Source "ChessBase"]
[SourceQuality "1"]
[WhiteTeam "Germany"]
[BlackTeam "Germany"]
[WhiteTeamCountry "GER"]
[BlackTeamCountry "GER"]
[TimeControl "40/5400+30:1800+30"]

1. e4 e5 2. Nf3 Nc6 3. Bb5 a6 4. Ba4 Nf6 5. O-O Be7 6. Re1 b5 7. Bb3 d6 8. c3 O-O 9. h3 Na5 10. Bc2 c5 11. d4 Qc7 12. Nbd2 Bd7 13. Nf1 cxd4 14. cxd4 Rac8 15. Ne3 Rfd8 16. b3 Nc6 17. Bb2 h6 18. Rc1 exd4 19. Nxd4 Nxd4 20. Bxd4 Qb7 21. Qf3 Nh7 22. Nf5 Bxf5 23. Qxf5 g6 24. Qg4 Bg5 25. f4 Bf6 26. e5 h5 27. Qg3 dxe5 28. fxe5 Rxd4 29. exf6 Rxc2 30. Re8+ Nf8 31. Rxc2 Qb6 32. Kh2 Rd1 33. Qe3 Qxf6 34. Rcc8 Qd6+ 35. Qe5 Qxe5+ 36. Rxe5 Kg7 37. Rc6 Nd7 38. Re8 Nf6 39. Rb8 Rd2 40. Rxa6 Nd5 41. Rd6 {[%emt 0:01:17] normal} 1-0

[Event "GER-chT Youth Countries 2019"]
[Site "Wuerzburg"]
[Date "2019.10.02"]
[Round "1"]
[White "Schnabel, Luise"]
[Black "Reuter, Elisa"]
[Result "1/2-1/2"]
[ECO "B34"]
[WhiteElo "1900"]
[BlackElo "1873"]
[Annotator "NA"]
[PlyCount "82"]
[EventDate "2019.10.02"]
[EventType "swiss"]
[EventRounds "7"]
[EventCountry "GER"]
[SourceTitle "playchess.com"]
[Source "ChessBase"]
[SourceQuality "1"]
[WhiteTeam "Berlin"]
[BlackTeam "Thüringen"]
[WhiteTeamCountry "GER"]
[BlackTeamCountry "GER"]
[TimeControl "40/5400+30:1800+30"]

1. e4 c5 2. Nf3 Nc6 3. d4 cxd4 4. Nxd4 g6 5. Nc3 Bg7 6. Nb3 Nf6 7. Be2 O-O 8. Bg5 d6 9. O-O a5 10. a4 Be6 11. f4 Rc8 12. Bf3 Nd7 13. Rb1 Nb4 14. Kh1 Bxb3 15. cxb3 Nc5 16. Nd5 Nc6 17. Re1 Re8 18. Bh4 Nb4 19. Nxb4 axb4 20. Re3 b5 21. Be2 bxa4 22. Bb5 Rf8 23. bxa4 b3 24. Qd2 Rc7 25. Rd1 Qa8 26. Qe2 Ne6 27. f5 Rc2 28. Qf1 Qa7 29. Rxb3 Nc5 30. Bf2 Rxb2 31. Rxb2 Bxb2 32. Qe2 Be5 33. Rd5 Rc8 34. g3 e6 35. fxe6 fxe6 36. Qg4 Qf7 37. Rd2 Nb3 38. Re2 Nd4 39. Bxd4 Bxd4 40. Qf4 Qxf4 41. gxf4 Rf8 {[%emt 0:30:57] normal} 1/2-1/2

[Event "GER-chT Youth Countries 2019"]
[Site "Wuerzburg"]
[Date "2019.10.02"]
[Round "1"]
[White "Glinzner, Alva"]
[Black "Ravina, David"]
[Result "0-1"]
[ECO "C03"]
[WhiteElo "1897"]
[BlackElo "2087"]
[Annotator "NA"]
[PlyCount "82"]
[EventDate "2019.10.02"]
[EventType "swiss"]
[EventRounds "7"]
[EventCountry "GER"]
[SourceTitle "playchess.com"]
[Source "ChessBase"]
[SourceQuality "1"]
[WhiteTeam "Schleswig-Holstein"]
[BlackTeam "Hamburg/Schleswig-Holstein"]
[WhiteTeamCountry "GER"]
[BlackTeamCountry "GER"]
[TimeControl "40/5400+30:1800+30"]

1. e4 e6 2. d4 d5 3. Nd2 Nc6 4. c3 e5 5. dxe5 dxe4 6. Qa4 Bf5 7. Ne2 Nge7 8. Ng3 e3 9. fxe3 Be6 10. Nf3 Qd7 11. Bb5 a6 12. Ne4 Qd5 13. Bxc6+ Nxc6 14. Neg5 Qc4 15. Qc2 Nxe5 16. Nxe5 Qh4+ 17. Qf2 Qxg5 18. Nf3 Qh5 19. e4 Bc4 20. Be3 Rd8 21. Bd4 c5 22. Be3 Be7 23. b3 Bd3 24. O-O-O c4 25. Bd4 O-O 26. Qe3 Rxd4 27. Qxd4 Ba3+ 28. Kd2 Bc5 29. Qd5 Qg4 30. Qg5 Qxe4 31. Rhe1 Qc6 32. b4 Ba7 33. Kc1 Qa4 34. Rd2 Qa3+ 35. Kd1 Qxc3 36. Qe5 Qxb4 37. Rb2 Qa4+ 38. Kc1 b5 39. Qc7 Bb8 40. Qc5 Bf4+ 41. Nd2 h5 {[%emt 0:04:27] normal} 0-1

[Event "GER-chT Youth Countries 2019"]
[Site "Wuerzburg"]
[Date "2019.10.02"]
[Round "1"]
[White "Franke, Luca"]
[Black "Bashylina, Luisa"]
[Result "1/2-1/2"]
[ECO "B28"]
[WhiteElo "1872"]
[BlackElo "1933"]
[Annotator "NA"]
[PlyCount "91"]
[EventDate "2019.10.02"]
[EventType "team-tourn"]
[EventRounds "7"]
[EventCountry "GER"]
[SourceTitle "playchess.com"]
[Source "ChessBase"]
[SourceQuality "1"]
[WhiteTeam "Team Süd"]
[BlackTeam "Nordrhein-Westfalen"]
[WhiteTeamCountry "GER"]
[BlackTeamCountry "GER"]
[TimeControl "40/5400+30:1800+30"]

1. e4 c5 2. Nf3 a6 3. d4 cxd4 4. Nxd4 Nf6 5. Nc3 e5 6. Nf3 Bb4 7. Qd3 d5 8. a3 Bxc3+ 9. Qxc3 O-O 10. Be2 d4 11. Qd3 Nbd7 12. b4 b5 13. O-O Bb7 14. Nd2 Rc8 15. Bb2 Nb6 16. Bf3 Na4 17. Qb3 Nc3 18. Rfe1 Rc7 19. Rac1 Qa8 20. Bxc3 dxc3 21. Nb1 Nxe4 22. Rcd1 Rfc8 23. Re3 Rc4 24. Rdd3 Rd4 25. Nxc3 Nd2 26. Bxb7 Qxb7 27. Qa2 Nc4 28. Rg3 Qd7 29. h3 f5 30. Ne2 Rd6 31. Rxd6 Qxd6 32. Rd3 Qe7 33. Qb3 Kh8 34. Qc3 Nd6 35. Qd2 Ne4 36. Qd1 h6 37. Ng3 Nxg3 38. Rxg3 Qc7 39. Qd5 Qe7 40. Rg6 Rd8 41. Qc6 e4 42. Re6 Qg5 43. Rg6 Qc1+ 44. Kh2 Qf4+ 45. Rg3 Qxf2 46. Rxg7 {[%emt 0:00:00] normal} 1/2-1/2

[Event "GER-chT Youth Countries 2019"]
[Site "Wuerzburg"]
[Date "2019.10.02"]
[Round "1"]
[White "Möller, Hannah"]
[Black "Hommer, Jeremy"]
[Result "0-1"]
[ECO "A04"]
[WhiteElo "1859"]
[BlackElo "2133"]
[Annotator "NA"]
[PlyCount "111"]
[EventDate "2019.10.02"]
[EventType "swiss"]
[EventRounds "7"]
[EventCountry "GER"]
[SourceTitle "playchess.com"]
[Source "ChessBase"]
[SourceQuality "1"]
[WhiteTeam "Bremen/Niedersachsen"]
[BlackTeam "Niedersachsen"]
[WhiteTeamCountry "GER"]
[BlackTeamCountry "GER"]
[TimeControl "40/5400+30:1800+30"]

1. Nf3 e6 2. g3 b6 3. Bg2 Bb7 4. O-O Nf6 5. d4 g6 6. c4 Bg7 7. Nc3 Ne4 8. Nxe4 Bxe4 9. Bf4 d6 10. Qd2 O-O 11. Bh6 Nd7 12. Bxg7 Kxg7 13. Qf4 Bb7 14. e4 f6 15. Qe3 e5 16. d5 a5 17. h4 Qe7 18. Nh2 Rae8 19. Ng4 Nc5 20. Qh6+ Kg8 21. f4 Qg7 22. Qxg7+ Kxg7 23. fxe5 fxe5 24. b3 Bc8 25. Ne3 Bd7 26. Nc2 b5 27. Rab1 bxc4 28. bxc4 Bg4 29. Rf2 Rb8 30. Na3 Rxb1+ 31. Nxb1 Rb8 32. Nc3 Rb4 33. Bf1 a4 34. Kg2 a3 35. Be2 Bxe2 36. Rxe2 Rxc4 37. Nb5 Nxe4 38. Nxa3 Nc3 39. Nxc4 Nxe2 40. a4 Nc3 41. a5 Nb5 42. a6 Kf7 43. Na5 Na7 44. Nc6 Nc8 45. a7 Nb6 46. Nd8+ Ke7 47. Ne6 c6 48. Nc7 Kd7 49. a8=Q Nxa8 50. Nxa8 cxd5 51. Nb6+ Kc6 52. Na4 Kb5 53. Nb2 e4 54. Kf2 d4 55. Ke2 d5 56. g4 {[%emt 0:00:00] normal} 0-1

[Event "GER-chT Youth Countries 2019"]
[Site "Wuerzburg"]
[Date "2019.10.02"]
[Round "1"]
[White "Kempe, Caius Emilian"]
[Black "Sperling, Niclas"]
[Result "1/2-1/2"]
[ECO "E87"]
[WhiteElo "1835"]
[BlackElo "1656"]
[Annotator "NA"]
[PlyCount "97"]
[EventDate "2019.10.02"]
[EventType "swiss"]
[EventRounds "7"]
[EventCountry "GER"]
[SourceTitle "playchess.com"]
[Source "ChessBase"]
[SourceQuality "1"]
[WhiteTeam "Sachsen"]
[BlackTeam "Brandenburg/Berlin"]
[WhiteTeamCountry "GER"]
[BlackTeamCountry "GER"]
[TimeControl "40/5400+30:1800+30"]

1. d4 Nf6 2. c4 g6 3. f3 Bg7 4. e4 d6 5. Nc3 O-O 6. Be3 e5 7. d5 Nbd7 8. Nge2 Nh5 9. Qd2 f5 10. O-O-O f4 11. Bf2 a6 12. Kb1 Rf7 13. Nc1 Qf8 14. Nb3 Nhf6 15. Rc1 b6 16. Be2 Nc5 17. Bd1 Nfd7 18. Na1 Nb8 19. h4 Bh6 20. Be2 Nbd7 21. Rcg1 Nf6 22. Nc2 Nh5 23. Bd1 Bd7 24. Ne2 b5 25. b4 Nb7 26. c5 c6 27. dxc6 Bxc6 28. cxd6 Qxd6 29. Qxd6 Nxd6 30. Na3 Rd7 31. Bb3+ Nf7 32. Rd1 Rad8 33. Nc3 Rxd1+ 34. Rxd1 Rxd1+ 35. Nxd1 Ng3 36. Nb2 Nf1 37. Kc2 Ne3+ 38. Kd2 Nxg2 39. Nd3 Bf8 40. Nc2 Bd6 41. Ke2 Kg7 42. Kf1 Ne3+ 43. Nxe3 fxe3 44. Bxe3 Nd8 45. Nc5 Bb7 46. Nxb7 Nxb7 47. Bd5 Nd8 48. a3 Bc7 49. Ke2 {normal} 1/2-1/2

[Event "GER-chT Youth Countries 2019"]
[Site "Wuerzburg"]
[Date "2019.10.02"]
[Round "1"]
[White "Rempe, Jonas"]
[Black "Hubert, Charlotte"]
[Result "1/2-1/2"]
[ECO "B47"]
[WhiteElo "1816"]
[BlackElo "1341"]
[Annotator "NA"]
[PlyCount "124"]
[EventDate "2019.10.02"]
[EventType "swiss"]
[EventRounds "7"]
[EventCountry "GER"]
[SourceTitle "playchess.com"]
[Source "ChessBase"]
[SourceQuality "1"]
[WhiteTeam "Schleswig-Holstein"]
[BlackTeam "Hamburg/Schleswig-Holstein"]
[WhiteTeamCountry "GER"]
[BlackTeamCountry "GER"]
[TimeControl "40/5400+30:1800+30"]

1. e4 c5 2. Nf3 e6 3. d4 cxd4 4. Nxd4 Nc6 5. Nc3 Qc7 6. g3 a6 7. Bg2 Bb4 8. O-O Nf6 9. Bg5 Be7 10. Nb3 O-O 11. f4 d6 12. Qe2 Nd7 13. Bxe7 Nxe7 14. Rad1 Rd8 15. g4 Rb8 16. g5 b5 17. Bh3 Nf8 18. f5 exf5 19. exf5 Nc6 20. Nd5 Qb7 21. Bg2 Qa7+ 22. Kh1 Ne5 23. h3 Re8 24. f6 g6 25. Ne7+ Rxe7 26. fxe7 Qxe7 27. Rfe1 Qxg5 28. Rxd6 Nc4 29. Rd5 Qg3 30. Rd3 Qc7 31. c3 Bf5 32. Re3 Nxe3 33. Qxe3 Be6 34. Nd4 Re8 35. Qe5 Qxe5 36. Rxe5 Bd7 37. Rxe8 Bxe8 38. Bb7 a5 39. Ba6 b4 40. cxb4 axb4 41. Nc2 b3 42. axb3 Bc6+ 43. Kg1 Nd7 44. b4 Nb6 45. Na3 Kf8 46. Nc4 Nxc4 47. Bxc4 Ke7 48. Kf2 f5 49. Ke3 g5 50. Bd3 f4+ 51. Kf2 h6 52. Bc4 Kd6 53. b3 Ke5 54. Ba6 Kd5 55. b5 Ba8 56. b4 Kd6 57. Bc8 Kc7 58. Be6 Kb6 59. Bd7 Bd5 60. Be8 Bc4 61. Kf3 Bxb5 62. Bh5 Bf1 {normal} 1/2-1/2

[Event "GER-chT Youth Countries 2019"]
[Site "Wuerzburg"]
[Date "2019.10.02"]
[Round "1"]
[White "Bock, Marlon"]
[Black "Wiesner, Paula"]
[Result "0-1"]
[ECO "A46"]
[WhiteElo "1671"]
[BlackElo "1958"]
[Annotator "NA"]
[PlyCount "81"]
[EventDate "2019.10.02"]
[EventType "swiss"]
[EventRounds "7"]
[EventCountry "GER"]
[SourceTitle "playchess.com"]
[Source "ChessBase"]
[SourceQuality "1"]
[WhiteTeam "Thüringen"]
[BlackTeam "Berlin"]
[WhiteTeamCountry "GER"]
[BlackTeamCountry "GER"]
[TimeControl "40/5400+30:1800+30"]

1. d4 e6 2. Nf3 Nf6 3. e3 c5 4. Bd3 Be7 5. O-O O-O 6. Nbd2 b6 7. c3 d5 8. b3 Bb7 9. Bb2 Nbd7 10. Ne5 Qc7 11. f4 Ne4 12. Rc1 f6 13. Nxd7 Qxd7 14. Nf3 b5 15. c4 bxc4 16. bxc4 Rac8 17. Qe2 Rfd8 18. Rfd1 Qa4 19. Qc2 Qxc2 20. Rxc2 cxd4 21. exd4 dxc4 22. Bxc4 Bd5 23. Bd3 Rxc2 24. Bxc2 Rb8 25. Bxe4 Bxe4 26. Bc3 Bd6 27. Nd2 Bd5 28. g3 Rc8 29. Ba5 Rc2 30. Nb1 Rg2+ 31. Kf1 Rxh2 32. Nc3 Bxa2 33. Kg1 Rc2 34. Nb5 Bb8 35. Re1 a6 36. Nc3 Bc4 37. d5 Ba7+ 38. Kh1 exd5 39. Re8+ Kf7 40. Ra8 Bd4 41. f5 {[%emt 0:31:50] normal} 0-1